 Dungeon Crawl Stone Soup version 0.29-a0-613-gf2c431b9b9 (webtiles) character file.

Game seed: 5718879981674441190

16279 sammy202020 the Fighter (level 12, -23/101 HPs)
             Began as a Demonspawn Berserker on June 16, 2022.
             Was a High Priest of Trog.
             Annihilated by an enormous slime creature (41 damage)
             ... on level 12 of the Dungeon.
             The game lasted 00:23:18 (11057 turns).

sammy202020 the Fighter (Demonspawn Berserker)     Turns: 11057, Time: 00:23:19

Health: -23/101    AC: 20    Str: 19    XL:     12   Next: 8%
Magic:  12/12      EV: 15    Int: 12    God:    Trog [*****.]
Gold:   879        SH:  5    Dex: 17    Spells: 11/11 levels left

rFire   + . .      SeeInvis .   c - +4 war axe (venom)
rCold   + . .      Faith    .   (no shield)
rNeg    + . .      Spirit   .   B - +4 chain mail {rPois}
rPois   +          Reflect  +   (no helmet)
rElec   +          Harm     .   r - scarf {rC+ rF+}
rCorr   .          Rampage  .   (no gloves)
Will    ++...                   o - +2 pair of boots
Stlth   ..........              j - amulet of reflection
HPRegen 1.26/turn               v - +4 ring of evasion
MPRegen 0.13/turn               k - ring "Huhoiryxt" {rElec rPois rN+ Dex+6}

@: strong-willed, on berserk cooldown, regenerating, slowed, very slow
A: claws 1, icy blue scales 1, powered by death 2, spiny 1, clumsy 1, passive
freeze
a: Renounce Religion, Berserk, Trog's Hand, Brothers in Arms


You were on level 12 of the Dungeon.
You worshipped Trog.
Trog was extremely pleased with you.
You visited 1 branch of the dungeon, and saw 12 of its levels.
You also visited: Sewer and Bailey.

You collected 2023 gold pieces.
You spent 1144 gold pieces at shops.

Inventory:

Hand Weapons
 c - a +4 war axe of venom (weapon)
 R - a +0 hand axe of flaming
Missiles
 b - 6 boomerangs
 h - 4 boomerangs of dispersal
 t - 5 throwing nets
 x - 5 javelins
 N - 4 silver boomerangs (quivered)
Armour
 n - a +1 plate armour
 o - a +2 pair of boots (worn)
 r - a scarf of resistance (worn)
 B - a +4 chain mail of poison resistance (worn)
 P - +0 acid dragon scales
Jewellery
 f - a ring of protection from cold
 j - an amulet of reflection (around neck)
 k - the ring "Huhoiryxt" (right claw) {rElec rPois rN+ Dex+6}
   (You bought it in a shop on level 7 of the Dungeon)

   [ring of dexterity]

   Dex:       It affects your dexterity (+6).
   rElec:     It insulates you from electricity.
   rPois:     It protects you from poison.
   rN:        It protects you from negative energy.
 m - a +4 ring of evasion
 v - a +4 ring of evasion (left claw)
 K - a ring of flight
Wands
 p - a wand of flame (17)
 w - a wand of paralysis (4)
 G - a wand of iceblast (10)
 J - a wand of polymorph (7)
 M - a wand of light (13)
Scrolls
 a - 4 scrolls of magic mapping
 z - 2 scrolls of fear
 C - 8 scrolls of teleportation
 O - a scroll of fog
 Q - a scroll of poison
Potions
 d - 3 potions of magic
 e - 5 potions of lignification
 g - a potion of mutation
 i - a potion of berserk rage
 l - 6 potions of heal wounds
 q - 11 potions of curing
 u - 2 potions of ambrosia
 A - 2 potions of invisibility
 D - 3 potions of resistance
 E - a potion of cancellation
 F - a potion of attraction {unknown}
 H - 2 potions of flight
 L - a potion of brilliance {unknown}
 S - a potion of might
Miscellaneous
 T - a lightning rod (4/4)


   Skills:
 * Level 11.6 Fighting
 * Level 10.7 Axes
 + Level 7.3 Armour
 + Level 7.4 Dodging
 * Level 4.5 Unarmed Combat


You had 11 spell levels left.
You didn't know any spells.
Your spell library was empty.

Dungeon Overview and Level Annotations

Branches:
Dungeon (12/15)            Temple (0/1) D:7            Lair (0/6) D:9
    Orc (0/2) D:11          Sewer (visited)          Bailey (visited)

Altars:
Qazlal
Ru

Shops:
D:5 [   D:6 !   D:7 =   D:9 (   D:10 !


Innate Abilities, Weirdness & Mutations

You have sharp fingernails.
You are partially covered in icy blue scales. (AC +2)
You regenerate health from kills.
You are partially covered in sharp spines.
You are clumsy. (Dex -2)
A frigid envelope surrounds you and freezes all who hurt you.


Message History

You slash the very large slime creature!
The very large slime creature is moderately wounded.
You hit the large slime creature.
You block the very large slime creature's attack.
The large slime creature hits you.
* * * LOW HITPOINT WARNING * * *
The large slime creature is very cold.
The large slime creature is heavily wounded.
You slash the very large slime creature!
The very large slime creature looks as sick as possible!
The very large slime creature is heavily wounded.
You slash the large slime creature!
The very large slime creature completely misses you.
You slash the very large slime creature!
The very large slime creature looks as sick as possible!
The very large slime creature is heavily wounded.
You slash the large slime creature!
The large slime creature looks as sick as possible!
The large slime creature hits you!!
* * * LOW HITPOINT WARNING * * *
The large slime creature is very cold.
The large slime creature is severely wounded.
You hit the very large slime creature.
The very large slime creature is heavily wounded.
You slice the large slime creature!!
Two slime creatures merge to form an enormous slime creature.
The large slime creature misses you.
Unknown command.
You are too berserk!
Okay, then.
You are too berserk!
You feel a strong urge to attack something.
You feel your anger nearly subside.
You are no longer berserk.
You are exhausted.
You feel yourself slow down.
Okay, then.
The enormous slime creature attacks as you move away!
The enormous slime creature is struck by your spines.
The enormous slime creature hits you!!!
You die...

#.#####....###...#.#
#...)))....# ###
#######...## #...##
#.### #J# #.# #J#
#@# #........
#########


You could see an enormous slime creature (very poisoned) and a large slime
creature (very poisoned).

Vanquished Creatures
  A hydra (D:11)
  2 vault guards (Bailey)
  A centaur warrior (D:12)
  Sonja (D:10)
  Pikel (D:7)
  3 cyclopes
  A manticore (D:11)
  2 gargoyles (D:11)
  4 kobold demonologists (D:12)
  Maggie (D:7)
  A troll (D:8)
  A hornet (D:9)
  Prince Ribbit (Bailey)
  2 shadows
  A wraith (D:11)
  A vampire (D:12)
  5 humans (Bailey)
  4 vampire mosquitoes (D:12)
  12 yaks
  An acid dragon (D:11)
  2 sky beasts
  2 orc warriors
  An ice beast (D:5)
  2 black bears
  5 centaurs
  A phantom (D:6)
  12 bullfrogs
  6 kobold brigands
  A necrophage (D:7)
  2 scorpions
  13 wights
  9 killer bees
  9 howler monkeys
  2 electric eels (D:9)
  5 jellies
  7 orc priests
  3 hounds
  2 gnoll shamans
  11 orc wizards
  Terence (D:2)
  2 iguanas
  11 gnolls
  12 adders
  6 river rats (Sewer)
  2 white imps (D:7)
  An ufetubus (D:6)
  4 worms
  A dart slug (D:2)
  35 orcs
  3 bats
  18 endoplasms
  8 giant cockroaches
  9 hobgoblins
  7 jackals
  24 kobolds
  5 quokkas
  9 ball pythons
  3 frilled lizards
  6 goblins
  10 rats
318 creatures vanquished.

Vanquished Creatures (others)
  A hornet (D:8)
  6 fungi (D:5)
  A plant (D:9)
8 creatures vanquished.

Grand Total: 326 creatures vanquished

Notes
Turn   | Place    | Note
-------+----------+-------------------------------------------
     0 | D:1      | sammy202020 the Demonspawn Berserker began the quest for
                  | the Orb.
     0 | D:1      | Reached XP level 1. HP: 18/18 MP: 1/1
   343 | D:1      | Gained mutation: You are partially covered in sharp spines.
                  | [demonic ancestry]
   343 | D:1      | Reached XP level 2. HP: 24/24 MP: 2/2
  1055 | D:2      | Reached XP level 3. HP: 24/29 MP: 3/3
  1258 | D:2      | Reached ** piety under Trog
  1861 | D:2      | Noticed Terence
  1872 | D:2      | Killed Terence
  1873 | D:2      | Reached XP level 4. HP: 35/37 MP: 4/4
  2616 | D:3      | Reached skill level 4 in Fighting
  2914 | D:4      | Noticed a black bear
  2925 | D:4      | Killed a black bear
  2926 | D:4      | Reached XP level 5. HP: 38/43 MP: 5/5
  3179 | D:4      | Reached XP level 6. HP: 49/49 MP: 6/6
  3521 | D:4      | Identified a scroll of acquirement
  3567 | D:5      | Entered Level 5 of the Dungeon
  3875 | D:5      | Found Neleiwna's Armour Emporium.
  3916 | D:5      | Reached skill level 5 in Fighting
  4030 | D:5      | Noticed an ice beast
  4046 | D:5      | Killed an ice beast
  4047 | D:5      | Reached XP level 7. HP: 54/56 MP: 7/7
  4204 | D:5      | Reached *** piety under Trog
  4431 | D:6      | Reached skill level 5 in Axes
  4690 | D:6      | Found Qutaru's Distillery.
  4780 | D:6      | Found a glowing drain.
  4792 | Sewer    | Entered a sewer
  4821 | Sewer    | Reached skill level 6 in Fighting
  5031 | Sewer    | Gained mutation: You are partially covered in icy blue
                  | scales. (AC +2) [demonic ancestry]
  5031 | Sewer    | Reached XP level 8. HP: 54/64 MP: 8/8
  5031 | Sewer    | Found a viscous altar of Jiyva.
  5043 | Sewer    | Reached **** piety under Trog
  5108 | Sewer    | Gained mutation: You have an increased reservoir of magic.
                  | (+10% MP) [potion of mutation]
  5108 | Sewer    | Gained mutation: You are somewhat resistant to further
                  | mutation. [potion of mutation]
  5541 | D:6      | Reached skill level 7 in Fighting
  5893 | D:6      | Bought a potion of curing for 36 gold pieces
  5893 | D:6      | Bought a potion of curing for 36 gold pieces
  5893 | D:6      | Bought a potion of heal wounds for 60 gold pieces
  5893 | D:6      | Bought a potion of heal wounds for 60 gold pieces
  5979 | D:7      | Noticed Pikel
  5997 | D:7      | Killed Pikel
  5998 | D:7      | Reached XP level 9. HP: 69/74 MP: 9/9
  6024 | D:7      | Found Puppes's Jewellery Shop.
  6035 | D:7      | Acquired 1293 gold pieces
  6038 | D:7      | Bought the ring "Huhoiryxt" {rElec rPois rN+ Dex+6} for 809
                  | gold pieces
  6170 | D:7      | Reached skill level 8 in Fighting
  6284 | D:7      | Reached skill level 5 in Dodging
  6291 | D:7      | Reached skill level 5 in Armour
  6480 | D:7      | Found a staircase to the Ecumenical Temple.
  6736 | D:7      | Noticed Maggie
  6750 | D:7      | Killed Maggie
  7050 | D:8      | Noticed a troll
  7067 | D:8      | Killed a troll
  7071 | D:8      | Reached skill level 9 in Fighting
  7076 | D:8      | Gained mutation: You regenerate a little health from kills.
                  | [demonic ancestry]
  7076 | D:8      | Reached XP level 10. HP: 52/83 MP: 11/11
  7482 | D:9      | Found a stormy altar of Qazlal.
  7594 | D:9      | Found a transporter.
  7683 | D:9      | Found a transporter.
  7763 | D:9      | Found a flagged portal.
  7797 | D:9      | Found Coupton's Weapon Emporium.
  7830 | Bailey   | Entered a bailey
  7890 | Bailey   | Reached ***** piety under Trog
  7934 | Bailey   | Noticed Prince Ribbit
  7934 | Bailey   | Noticed a vault guard
  7947 | Bailey   | Killed Prince Ribbit
  7948 | Bailey   | Killed a vault guard
  7949 | Bailey   | Reached skill level 10 in Fighting
  7981 | Bailey   | Noticed a vault guard
  8002 | Bailey   | Killed a vault guard
  8360 | Bailey   | Lost mutation: You are somewhat resistant to further
                  | mutation. [potion of mutation]
  8360 | Bailey   | Lost mutation: You have an increased reservoir of magic.
                  | (+10% MP) [potion of mutation]
  8360 | Bailey   | Gained mutation: You occasionally shout uncontrollably at
                  | your foes. [potion of mutation]
  8360 | Bailey   | Gained mutation: You are robust. (+10% HP) [potion of
                  | mutation]
  8361 | Bailey   | Lost mutation: You occasionally shout uncontrollably at
                  | your foes. [potion of mutation]
  8361 | Bailey   | Lost mutation: You are robust. (+10% HP) [potion of
                  | mutation]
  8361 | Bailey   | Gained mutation: A frigid envelope surrounds you and
                  | freezes all who hurt you. [potion of mutation]
  8361 | Bailey   | Gained mutation: You are clumsy. (Dex -2) [potion of
                  | mutation]
  8380 | D:9      | Gained mutation: You have sharp fingernails. [demonic
                  | ancestry]
  8380 | D:9      | Reached XP level 11. HP: 92/92 MP: 11/11
  8404 | D:9      | Reached skill level 1 in Unarmed Combat
  8777 | D:9      | Found a staircase to the Lair.
  9024 | D:10     | Entered Level 10 of the Dungeon
  9024 | D:10     | Found Doij's Distillery.
  9076 | D:10     | Bought a potion of curing for 39 gold pieces
  9076 | D:10     | Bought a potion of curing for 39 gold pieces
  9076 | D:10     | Bought a potion of heal wounds for 65 gold pieces
  9670 | D:10     | Noticed Sonja
  9693 | D:10     | Killed Sonja
  9990 | D:11     | Noticed a four-headed hydra
 10004 | D:11     | Killed a four-headed hydra
 10005 | D:11     | Reached skill level 10 in Axes
 10010 | D:11     | Found a sacrificial altar of Ru.
 10162 | D:11     | Reached skill level 11 in Fighting
 10893 | D:11     | Found a staircase to the Orcish Mines.
 10923 | D:12     | Noticed a centaur warrior
 10932 | D:12     | Killed a centaur warrior
 10933 | D:12     | Gained mutation: You regenerate health from kills. [demonic
                  | ancestry]
 10933 | D:12     | Reached XP level 12. HP: 100/100 MP: 12/12
 11057 | D:12     | Annihilated by an enormous slime creature

Illustrated notes

Levels and vault maps discovered:
D:1:      dpeg_arrival_tiny_a, layout_basic
D:2:      layout_basic, st_stairs_7, nrook_uturn, minmay_small_reverse_x,
          uniq_terence
D:3:      layout_basic, grunt_decor_resistance, kennysheep_generic_room_8
D:4:      layout_loops_ring
D:5:      layout_basic, serial_aquarium, aquarium_bridge_square
          [aquarium_subvault_bridge, aquarium_subvault_balcony,
          aquarium_subvault_bridge, aquarium_subvault_balcony],
          aquarium_window_2, aquarium_window_2, aquarium_window_fake,
          aquarium_window_fake, aquarium_view_2c, aquarium_balcony_5b,
          aquarium_pool_1, serial_shops, nicolae_shop_crystal
D:6:      layout_basic, portal_sewer_entry_d, serial_shops,
          nicolae_diamond_shop, dk_vineyard_2
D:7:      nicolae_cairo_tiling_large, layout_layer_cave,
          minmay_temple_entry_proselytizer, serial_shops, shop, uniq_maggie,
          uniq_pikel
D:8:      layout_rooms
D:9:      gammafunk_steamed_eel, layout_loops_corners,
          nicolae_qazlal_scattered_showers, lair_entry_dummy, serial_shops,
          nicolae_shop_statue_plus, enter_bailey_1
D:10:     layout_long_grid, serial_shops, nicolae_shop_statue_plus, uniq_sonja
D:11:     layout_rooms, hiddenorc1_lemuel, nicolae_ru_sacrificial_ziggurat
D:12:     kennysheep_big_flooded_room, layout_loops_ring,
          ploomutoo_gammafunk_ghost_potion_laboratory

Skill      XL: |  1  2  3  4  5  6  7  8  9 10 11 |
---------------+----------------------------------+-----
Axes           | 3 4 5 7 8 9 10 | 10.7
Armour         | 2 3 4 5 6 7 |  7.3
Dodging        | 2 3 4 5 6 7 |  7.4
Fighting       | 4 5 6 7 9 10 11 | 11.6
Unarmed Combat | 4 |  4.5

Action                   |  1- 3 |  4- 6 |  7- 9 | 10-12 || total
-------------------------+-------+-------+-------+-------++-------
Melee: Hand axe          |    94 |    86 |   239 |   189 ||   608
       Punch             |     1 |       |     5 |    14 ||    20
       War axe           |       |       |       |   150 ||   150
       Morningstar       |       |       |       |     4 ||     4
Throw: Boomerang         |       |       |       |     1 ||     1
Invok: Berserk           |     2 |       |     4 |     3 ||     9
       Trog's Hand       |       |       |     1 |     2 ||     3
  Use: Scroll            |     7 |     8 |     6 |    11 ||    32
       Potion            |       |     1 |     1 |     2 ||     4
 Stab: Sleeping          |     1 |       |       |       ||     1
Armor: Leather armour    |     4 |       |       |       ||     4
       Plate armour      |    27 |    31 |    23 |       ||    81
       Chain mail        |       |       |    79 |   123 ||   202
Dodge: Dodged            |    46 |    42 |   167 |   215 ||   470
Block: Other             |       |    18 |    55 |    99 ||   172
       Reflection        |       |     1 |     1 |     5 ||     7

Table legend: (Time is in decaauts)
 A = Elapsed time spent in this place.
 B = Non-inter-level travel time spent in this place.
 C = Inter-level travel time spent in this place.
 D = Time resting spent in this place.
 E = Time spent auto-exploring this place.
 F = Levels seen in this place.
 G = Mean time per level.
                   A        B        C        D        E       F      G
               +--------+--------+--------+--------+--------+-----+--------+
         Total |  11133 |  10878 |    255 |    187 |   8424 |  14 |  795.2 |
       Dungeon |  10249 |   9994 |    255 |    187 |   7854 |  12 |  854.1 |
         Sewer |    352 |    352 |      0 |      0 |    177 |   1 |  352.0 |
        Bailey |    532 |    532 |      0 |      0 |    393 |   1 |  532.0 |
               +--------+--------+--------+--------+--------+-----+--------+

Top non-repeatable levels by time:
     D:2: 1255 daAuts
     D:6: 1178 daAuts
     D:7: 1116 daAuts
     D:9: 1006 daAuts
    D:10: 957 daAuts
    D:11: 933 daAuts
     D:1: 865 daAuts
     D:5: 852 daAuts
     D:3: 800 daAuts
     D:4: 679 daAuts
  Bailey: 532 daAuts
     D:8: 458 daAuts
   Sewer: 352 daAuts
    D:12: 145 daAuts
